Map: Acropolis LE

Players

Haste

  • Race: Terran Terran
  • League: Master
  • Spawn Location: 11:00

PiG - Winner!

  • Race: Protoss Protoss
  • League: Grandmaster
  • Spawn Location: 5:00

VOD

Have the link to the VOD?

Description

Time

  • Played on: Aug. 8, 2019, 7:52 p.m.
  • Length: 9:13
Show
View Real Time Build Order
Export as new Build Order

Haste Terran 

Build Orders: Gas First Reaper Expand, Hellion Opening, Mech 

Get SALT Encoding   

  12  0:01  SCV  
  13  0:13  SCV  
  14  0:17  Supply Depot  
  14  0:25  SCV  
  14  0:27  Refinery  
  15  0:39  SCV  
  16  0:45  Barracks  
  16  0:51  SCV  
  17  1:03  SCV  
  18  1:20  SCV  
  19  1:32  Orbital Command  
  19  1:33  Reaper  
  20  1:48  Command Center  
  20  1:59  SCV  
  21  2:04  Factory  
  21  2:07  Barracks Reactor  
  21  2:13  SCV  
  22  2:19  Supply Depot  
  22  2:27  SCV  
  23  2:32  Refinery  
  23  2:41  SCV  
  24  2:53  SCV  
  24  3:04  Hellion x2  
  28  3:12  SCV  
  28  3:14  Orbital Command  
  27  3:21  Starport  
  27  3:24  SCV  
  27  3:26  Hellion x2  
  32  3:39  SCV  
  32  3:41  SCV  
  34  3:43  Barracks Tech Lab  
  34  3:51  SCV  
  34  3:54  Hellion x2  
  37  3:58  SCV  
  38  4:03  SCV  
  37  4:13  SCV  
  37  4:15  SCV  
  42  4:17  Medivac  
  42  4:23  Supply Depot  
  40  4:30  Liberator  
  40  4:31  Command Center, SCV x2  
  40  4:35  Marine x2  
  44  4:41  Siege Tank  
  44  4:43  SCV  
  44  4:44  SCV  
  49  4:46  Bunker  
  52  4:56  SCV x2  
  46  5:10  Marine x2  
  46  5:11  SCV x2  
  46  5:13  Siege Tank  
  53  5:19  Refinery  
  53  5:21  Refinery  
  53  5:26  SCV  
  53  5:27  SCV  
  55  5:39  Marine x2, SCV x2  
  58  5:42  Factory  
  58  5:44  Orbital Command  
  49  5:57  Marine x2  
  46  6:05  SCV x2  
  48  6:14  Siege Tank  
  48  6:17  SCV x2  
  46  6:27  Factory Tech Lab  
  46  6:28  SCV  
  46  6:29  Factory, SCV x2  
  49  6:38  Marine x2  
  51  6:43  SCV x3  
  54  6:48  Siege Tank  
  54  6:49  Siege Tank  
  60  6:55  SCV x2  
  61  7:13  Starport Reactor  
  61  7:14  SCV  
  61  7:15  SCV x2  
  63  7:20  Siege Tank  
  63  7:21  Siege Tank  
  69  7:27  SCV x3  
  69  7:28  Barracks Reactor  
  72  7:31  Supply Depot  
  72  7:32  Engineering Bay  
  72  7:33  Supply Depot  
  72  7:39  SCV x3  
  75  7:45  Factory  
  75  7:46  Engineering Bay  
  75  7:47  Factory  
  75  7:49  Armory  
  75  7:56  SCV x3  
  78  8:11  SCV x2  
  80  8:13  Supply Depot  
  80  8:14  Supply Depot  
  80  8:17  Barracks Tech Lab  
  79  8:23  SCV x2, Viking x2  
  85  8:33  Siege Tank x2  
  93  8:34  Hellion  
  93  8:35  Hellion  
Show
View Real Time Build Order
Export as new Build Order

PiG Protoss - Winner!

Build Orders: Colossus Rush 

Get SALT Encoding   

  12  0:01  Probe  
  13  0:13  Probe  
  14  0:22  Pylon  
  14  0:25  Probe  
  15  0:37  Probe  
  15  0:41  Gateway  
  16  0:45  Probe  
  16  0:47  Assimilator  
  17  0:54  Probe  
  18  1:06  Probe  
  19  1:13  Pylon  
  18  1:18  Probe  
  19  1:29  Zealot, Cybernetics Core  
  19  1:30  Probe  
  22  1:42  Probe  
  23  1:56  Nexus  
  23  1:57  Adept  
  23  2:00  Probe  
  26  2:10  Assimilator  
  26  2:13  Probe  
  26  2:15  Warp Gate  
  27  2:25  Probe  
  28  2:33  Robotics Facility  
  28  2:37  Probe  
  29  2:49  Probe  
  28  2:59  Stalker  
  28  3:01  Probe  
  28  3:05  Pylon  
  31  3:13  Probe  
  31  3:17  Probe  
  33  3:21  Probe  
  33  3:24  Robotics Bay  
  33  3:25  Probe  
  34  3:29  Probe, Stalker  
  34  3:34  Probe  
  38  3:36  Warp Prism  
  38  3:40  Probe  
  42  3:46  Probe  
  43  3:58  Probe  
  43  4:00  Probe  
  45  4:04  Colossus  
  45  4:06  Gravitic Drive  
  43  4:10  Probe  
  43  4:11  Gateway  
  50  4:20  Probe  
  51  4:33  Probe  
  51  4:34  Gateway  
  51  4:37  Probe  
  53  4:38  Assimilator  
  53  4:47  Pylon  
  53  4:49  Probe, Pylon  
  53  4:51  Assimilator  
  51  5:01  Probe  
  51  5:08  Probe  
  52  5:15  Probe  
  52  5:16  Probe  
  52  5:17  Nexus  
  52  5:20  Sentry  
  56  5:23  Disruptor  
  56  5:24  Probe  
  56  5:25  Probe  
  60  5:32  Probe  
  60  5:34  Pylon  
  61  5:37  Probe  
  63  5:44  Probe  
  64  5:55  Probe  
  65  6:01  Probe  
  65  6:03  Colossus  
  66  6:05  Stalker x2  
  66  6:07  Probe  
  71  6:13  Probe  
  71  6:19  Probe  
  73  6:25  Probe  
  73  6:27  Probe  
  73  6:31  Probe  
  75  6:35  Probe  
  75  6:37  Probe  
  77  6:43  Sentry  
  77  6:44  Probe, Sentry  
  82  6:48  Twilight Council  
  82  6:49  Probe  
  82  6:51  Probe, Forge  
  84  6:56  Probe  
  84  6:57  Pylon  
  84  7:00  Gateway  
  85  7:01  Stalker  
  85  7:02  Probe, Gateway  
  85  7:03  Probe  
  85  7:07  Colossus  
  83  7:17  Protoss Ground Weapons Level 1  
  83  7:20  Probe x2  
  83  7:22  Assimilator  
  91  7:24  Pylon  
  91  7:27  Assimilator  
  91  7:31  Zealot x3  
  91  7:33  Probe  
  91  7:35  Pylon  
  98  7:53  Probe  
  99  8:01  Immortal, Gateway  
  99  8:02  Gateway  
  103  8:17  Zealot x3, Stalker x2  
  103  8:18  Probe  
  103  8:19  Probe  
  115  8:21  Nexus  
  115  8:23  Pylon  
  115  8:25  Pylon  
  111  8:42  Stalker x3  
  111  8:43  Zealot x2  
  113  8:49  Probe x2  
  113  8:50  Probe  
  116  9:03  Pylon  
  116  9:06  Assimilator  
  116  9:09  Assimilator  
Tags
 
Add a new tag
Caveats
  • Supply blocks, unpowered buildings, or Contaminate may cause inaccurate times.
  • Supply counts are checked every 10 seconds.